 Dungeon Crawl Stone Soup version 0.22-a0-32-ga749362 (webtiles) character file.

845 Gorglomux the Shield-Bearer (level 7, -4/66 HPs)
             Began as a Deep Dwarf Fighter on Jan 3, 2018.
             Was an Initiate of Makhleb.
             Slain by a killer bee (6 damage)
             ... on level 6 of the Dungeon.
             The game lasted 00:02:26 (1434 turns).

Gorglomux the Shield-Bearer (Deep Dwarf Fighter)    Turns: 1434, Time: 00:02:27

Health: -4/66      AC:  7    Str: 26    XL:     7   Next: 68%
Magic:  5/5        EV:  8    Int: 14    God:    Makhleb [......]
Gold:   86         SH: 11    Dex: 12    Spells: 6/6 levels left

rFire    + . .     SeeInvis .   a - +0 war axe
rCold    + . .     Gourm    .   c - +0 shield
rNeg     . . .     Faith    .   b - +0 scale mail
rPois    .         Spirit   .   (no helmet)
rElec    .         Reflect  .   i - scarf {rC+ rF+}
rCorr    .         Harm     .   (no gloves)
MR       +....                  (no boots)
Stlth    ..........             (no amulet)
HPRegen  0.00/turn              (no ring)
MPRegen  0.09/turn              (no ring)

@: mighty, brilliant, lethally poisoned (-4 -> -9), non-regenerating, hasted,
very quick
A: damage resistance, heal wounds, sense surroundings 1, no regeneration
a: Heal Wounds, Renounce Religion


You were on level 6 of the Dungeon.
You worshipped Makhleb.
Makhleb was noncommittal.
You were not hungry.

You visited 2 branches of the dungeon, and saw 9 of its levels.

You collected 86 gold pieces.

Inventory:

Hand Weapons
 a - a +0 war axe (weapon)
Armour
 b - a +0 scale mail (worn)
 c - a +0 shield (worn)
 i - a scarf of resistance (worn)
Wands
 A - a wand of acid (7)
 P - a wand of paralysis (15)
Scrolls
 R - a scroll of identify {unknown}
 S - a scroll of teleportation {unknown}
Potions
 d - a potion of might
Comestibles
 f - 2 rations


   Skills:
 + Level 4.7 Fighting
 + Level 5.1 Axes
 + Level 5.7 Armour
 + Level 5.8 Shields


You had 6 spell levels left.
You didn't know any spells.

Dungeon Overview and Level Annotations

Branches:
Dungeon (8/15)             Temple (1/1) D:6
   Lair: D:8-11

Altars:
Cheibriados
Dithmenos
Elyvilon
Gozag
Hepliaklqana
Kikubaaqudgha
Makhleb
Nemelex Xobeh
Okawaru
Ru
Vehumet
Wu Jian
Yredelemnul
Zin
The Shining One


Innate Abilities, Weirdness & Mutations

You are resistant to damage.
You can heal yourself by infusing magical energy.
You passively map a small area around you.
You do not regenerate.


Message History

You feel sick!
The killer bee stings you!!! * * * don'butt die
* * * You block the killer bee's attack!
You miss the killer bee!
The killer bee is almost dead!
You feel sick!
The killer bee stings butt but does no damage!
You block the butt bee's attack!
You closely miss the killer bee!
The killer bee is almost dead!
You feel sick! You block the killer bee's attack!
The killer bee stings you but does no damage!
You fail to use your ability!
You feel sick! The killer bee stings you!
You are butt-ly poisoned!!!
The killer bee poisons you!!!
You miss the killer bee!
The killer bee is almost dead! * * * don't die
* * * You feel sick!
The killer bee stings you!!! rip

,#.#.##########.#.# ###
#...........##.#.# #..
, ###.##.......#.#.###
#.# ,
#.##.......#.....###..
, , *
#.##.......#...##...##
#.##.......#..#..###..
#.#######.##.#..#...#.
*#.#######.##.#.#.###.#
*#.yyy@....###.#.#...#.
#..##########.#.#.>.#.
#...#.......#.#.#...#.
** ,
##..#.#####..#.#.###.#
* #..# #..#..#...#.
#..# #...#..###.. #..#
* #....##...## * ,...#
* #......###.. #.##
######## ###


You could see 3 killer bees.

Vanquished Creatures
  A black bear (D:7)
  3 ogres
  A bullfrog (D:6)
  A scorpion (D:4)
  2 killer bees (D:6)
  A crimson imp (D:7)
  A centaur zombie (D:7)
  A gnoll shaman (D:8)
  An orc priest (D:4)
  A hound (D:4)
  An iguana (D:4)
  A hound zombie (D:8)
  A howler monkey zombie (D:5)
  4 gnolls (D:8)
  2 adders
  An ooze (D:4)
  An adder skeleton (D:4)
  A dart slug (D:1)
  2 leopard geckos
  6 orcs
  A bat (D:1)
  2 giant cockroaches
  4 goblins
  2 hobgoblins (D:2)
  3 frilled lizards
  A jackal skeleton (D:4)
  5 kobolds
  A leopard gecko skeleton (D:5)
52 creatures vanquished.

Notes
Turn   | Place    | Note
-------+----------+-------------------------------------------
     0 | D:1      | Gorglomux the Deep Dwarf Fighter began the quest for the Orb.
     0 | D:1      | Reached XP level 1. HP: 20/20 MP: 1/1
   114 | D:1      | Reached XP level 2. HP: 27/27 MP: 2/2
   182 | D:2      | Reached skill level 3 in Fighting
   198 | D:3      | Reached XP level 3. HP: 22/34 MP: 3/3
   259 | D:4      | Reached skill level 3 in Axes
   292 | D:4      | Reached XP level 4. HP: 26/42 MP: 4/4
   479 | D:4      | Noticed an ogre
   486 | D:4      | Killed an ogre
   486 | D:4      | Reached XP level 5. HP: 9/50 MP: 4/4
   504 | D:4      | Found a glowing golden altar of the Shining One.
   519 | D:4      | Reached XP level 6. HP: 19/57 MP: 5/5
   772 | D:5      | Entered Level 5 of the Dungeon
   842 | D:5      | You fall through a shaft for 3 floors!
  1000 | D:7      | Reached XP level 7. HP: 30/64 MP: 6/6
  1174 | D:6      | Found a staircase to the Ecumenical Temple.
  1190 | Temple   | Entered the Ecumenical Temple
  1266 | Temple   | Became a worshipper of Makhleb the Destroyer
  1434 | D:6      | HP: 2/66 [poisoned by a killer bee]
  1434 | D:6      | Slain by a killer bee

Vault maps used:
D:1:      lightli_arrival_maybe_door_vault
D:2:      first_ration
D:3:      corexii_item_surrounded_by_moat
D:4:      tso_altar, due_unseen_surprise
D:5:      chequers_temple_overflow_minitemple, grunt_ministairs_6, uniq_grinder
D:6:      minmay_temple_entry_steel_oval, serial_shops, kennysheep_little_box
D:7:      st_stairs_8
D:8:      dpeg_oklobed_lair
Temple:   minmay_crystal_spiral_temple

Skill      XL: |  1  2  3  4  5  6  7 |
---------------+----------------------+-----
Fighting       | 3 4 |  4.7
Axes           | 3 4 5 |  5.1
Armour         | 4 5 |  5.7
Shields        | 4 5 |  5.8

Action                   |  1- 3 |  4- 6 |  7- 9 || total
-------------------------+-------+-------+-------++-------
Melee: War axe           |    79 |    88 |    83 ||   250
 Abil: Heal Wounds       |     2 |     7 |     5 ||    14
  Use: Scroll            |       |     2 |       ||     2
       Potion            |       |       |     4 ||     4
  Eat: Chunk             |       |     1 |     1 ||     2
Armor: Scale mail        |    48 |    38 |    32 ||   118
Dodge: Dodged            |    32 |    32 |    30 ||    94
Block: Shield            |    55 |    58 |    65 ||   178

Table legend:
 A = Spawn XP
 B = Non-spawn XP
 C = Spawn XP percentage of total XP
 D = Spawn monster count
 E = Non-spawn monster count
 F = Spawn count percentage of total count
 G = Total turns spent on level
                    A         B        C        D         E        F      G
               +---------+---------+-------+---------+---------+-------+---------
         Total |       0 |    1208 |   0.0 |       0 |      52 |   0.0 |  1434
               +---------+---------+-------+---------+---------+-------+---------
           D:1 |       0 |      14 |   0.0 |       0 |       8 |   0.0 |   156
           D:2 |       0 |      22 |   0.0 |       0 |       6 |   0.0 |    32
           D:3 |       0 |       5 |   0.0 |       0 |       3 |   0.0 |    19
           D:4 |       0 |     343 |   0.0 |       0 |      17 |   0.0 |   565
           D:5 |       0 |      16 |   0.0 |       0 |       2 |   0.0 |    70
           D:6 |       0 |     219 |   0.0 |       0 |       4 |   0.0 |   208
           D:7 |       0 |     353 |   0.0 |       0 |       5 |   0.0 |   102
           D:8 |       0 |     236 |   0.0 |       0 |       7 |   0.0 |   140
               +---------+---------+-------+---------+---------+-------+---------
